 Dungeon Crawl Stone Soup version 0.23-a0-436-g57debff (webtiles) character file.

69 Lavandula the Chucker (level 4, -1/29 HPs)
             Began as an Octopode Hunter on Nov 16, 2018.
             Slain by a worker ant (6 damage)
             ... on level 4 of the Dungeon.
             The game lasted 00:05:19 (882 turns).

Lavandula the Chucker (Octopode Hunter)              Turns: 882, Time: 00:05:20

Health: -1/29      AC:  1    Str: 12    XL:     4   Next: 20%
Magic:  4/4        EV: 13    Int: 13    God:
Gold:   171        SH:  0    Dex: 12    Spells: 3/3 levels left

rFire    . . .     SeeInvis .     - Unarmed
rCold    . . .     Gourm    .   (no shield)
rNeg     . . .     Faith    .   (helmet restricted)
rPois    .         Spirit   .   (no amulet)
rElec    .         Reflect  .   (no ring)
rCorr    .         Harm     .   (no ring)
MR       .....                  (no ring)
Stlth    +++.......             (no ring)
HPRegen  0.09/turn              (no ring)
MPRegen  0.09/turn              (no ring)
                                (no ring)
                                (no ring)

@: no status effects
A: almost no armour, stealthy swim, amphibious, 8 rings, constrict 8, camouflage
1, gelatinous body 1
a: no special abilities


You were on level 4 of the Dungeon.
You were not hungry.

You visited 1 branch of the dungeon, and saw 5 of its levels.

You collected 171 gold pieces.

Inventory:

Missiles
 b - a javelin (quivered)
 c - 2 throwing nets
 h - 23 stones
Scrolls
 a - a scroll of magic mapping {unknown}
 e - 3 scrolls of remove curse {unknown}
 f - 2 scrolls of identify {unknown}
 g - a scroll of noise {unknown}
Comestibles
 d - 3 rations


   Skills:
 - Level 2.0 Fighting
 - Level 4.0 Throwing
 - Level 2.0 Dodging
 - Level 1.3 Stealth
 + Level 3.7 Unarmed Combat


You had 3 spell levels left.
You didn't know any spells.
Your spell library contained the following spells:

 Spells                   Type           Power        Failure   Level  Hunger
 Animate Skeleton         Necr           N/A          30%         1    ##.....
 Apportation              Tloc           #.....       30%         1    ##.....
 Confusing Touch          Hex            #.....       30%         1    ##.....
 Summon Small Mammal      Summ           #...         30%         1    ##.....


Dungeon Overview and Level Annotations

Branches:
Dungeon (5/15)
 Temple: D:4-7

Altars:
Kikubaaqudgha
Vehumet


Innate Abilities, Weirdness & Mutations

You cannot wear most types of armour.
You are very stealthy in the water. (Stealth+)
You are amphibious.
You can wear up to eight rings at the same time.
You can use your tentacles to constrict eight enemies at once.
Your skin changes colour to match your surroundings (Stealth+).
Your rubbery body absorbs attacks. (AC +1, EV +1)


Message History

You tentacle-slap the worker ant. You grab the worker ant.
The worker ant is lightly wounded.
You constrict the worker ant, but do no damage.
The worker ant bites you!
* * * LOW HITPOINT WARNING * * *
You tentacle-slap the worker ant.
The worker ant is moderately wounded.
You constrict the worker ant, but do no damage.
The worker ant barely misses you.
You tentacle-slap the worker ant but do no damage.
The worker ant is moderately wounded.
You constrict the worker ant. The worker ant bites you.
* * * LOW HITPOINT WARNING * * *
You tentacle-slap the worker ant.
The worker ant is heavily wounded.
You constrict the worker ant. The worker ant barely misses you.
You tentacle-slap the worker ant but do no damage.
The worker ant is severely wounded.
You constrict the worker ant. The worker ant bites you.
You die...

..##...... ...#......
########### #...%....
##.........) ##.....#
#........... #....#
###...........
.....######.............
......##..:.............
#####.....###...........
#....## #...@.......
#......# #...a.......
#.......# #...........
#.......# #...........
#........# ##..........
#........# #..........
#####....# ##.........
#.#### #.((......


You could see a worker ant.

Vanquished Creatures
  A worker ant (D:4)
  An ooze (D:2)
  A dart slug (D:1)
  A leopard gecko (D:1)
  An orc (D:2)
  12 bats
  5 giant cockroaches
  3 goblins
  4 kobolds
  2 quokkas (D:2)
  A ball python (D:1)
  2 frilled lizards
34 creatures vanquished.

Notes
Turn   | Place    | Note
-------+----------+-------------------------------------------
     0 | D:1      | Lavandula the Octopode Hunter began the quest for the Orb.
     0 | D:1      | Reached XP level 1. HP: 14/14 MP: 1/1
    71 | D:1      | Reached skill level 1 in Unarmed Combat
    81 | D:1      | Reached XP level 2. HP: 4/19 MP: 2/2
   353 | D:2      | Reached XP level 3. HP: 17/24 MP: 3/3
   439 | D:2      | Found a radiant altar of Vehumet.
   439 | D:2      | Found an ancient bone altar of Kikubaaqudgha.
   806 | D:5      | Entered Level 5 of the Dungeon
   806 | D:5      | Noticed a centaur
   828 | D:4      | Reached XP level 4. HP: 10/29 MP: 4/4
   882 | D:4      | Slain by a worker ant

Vault maps used:
D:1:      erik_arrival_cave_to_civilisation
D:2:      nicolae_overflow_hidden_temple, serial_forest,
          infiniplex_forest_lined_4_way, infiniplex_forest_clump_long,
          infiniplex_forest_clump_diagonal, infiniplex_forest_clump_small,
          infiniplex_forest_lined_1, infiniplex_forest_end_3
D:3:      st_stairs_13, guppyfry_early_lair_pool
D:4:      gammafunk_temple_overflow_wave, minmay_temple_entry_glassed_door
D:5:      portal_sewer_entry_d, first_ration, kennysheep_nub, uniq_ijyb

Skill      XL: |  1  2  3 |
---------------+----------+-----
Unarmed Combat | 1 2 3 |  3.7
Fighting       | |  2.0
Throwing       | |  4.0
Dodging        | |  2.0
Stealth        | |  1.3

Action                   |  1- 3 |  4- 6 || total
-------------------------+-------+-------++-------
Melee: Unarmed           |    69 |     5 ||    74
       Constrict         |    21 |     1 ||    22
       Tentacles         |     9 |       ||     9
       Punch             |     2 |       ||     2
Throw: Javelin           |    16 |     3 ||    19
 Stab: Sleeping          |     2 |       ||     2
Armor: Skin              |    16 |       ||    16
Dodge: Dodged            |    49 |     2 ||    51

Table legend:
 A = Non-vault XP
 B = Vault XP
 C = Vault XP percentage of total XP
 D = Non-vault monster count
 E = Vault monster count
 F = Vault count percentage of total count
                 A         B        C        D         E       F
            +---------+---------+-------+---------+---------+-------
      Total |      98 |       1 |   1.0 |      33 |       1 |   2.9
            +---------+---------+-------+---------+---------+-------
        D:1 |      25 |       0 |   0.0 |      13 |       0 |   0.0
        D:2 |      36 |       0 |   0.0 |      17 |       0 |   0.0
        D:3 |       3 |       1 |  25.0 |       2 |       1 |  33.3
        D:4 |      34 |       0 |   0.0 |       1 |       0 |   0.0
            +---------+---------+-------+---------+---------+-------
